Map: 어스름 탑

Players

TYTY (TY)

  • Race: Terran Terran
  • League: Diamond

Bomber - Winner!

  • Race: Terran Terran
  • League: Diamond

Event: DreamHack ROCCAT LotV Championship

VOD

Have the link to the VOD?

Description

Time

  • Played on: Nov. 27, 2015, 5:21 a.m.
  • Length: 10:20

All games in this series

Show
View Real Time Build Order
Export as new Build Order

TYTY Terran 

Build Orders: Bio Tank 

Get SALT Encoding   

  12  0:00  SCV  
  13  0:12  SCV  
  14  0:20  Supply Depot  
  14  0:25  SCV  
  15  0:42  SCV, Barracks  
  16  0:54  SCV  
  17  1:06  SCV  
  18  1:15  Command Center  
  18  1:20  SCV  
  19  1:29  Marine  
  19  1:32  Orbital Command  
  20  1:41  Supply Depot  
  20  1:45  Refinery  
  20  1:48  Marine  
  20  1:53  Refinery  
  21  1:58  SCV  
  22  2:05  Marine  
  23  2:10  SCV  
  24  2:22  SCV  
  25  2:23  Marine  
  25  2:27  Orbital Command  
  26  2:33  Factory  
  26  2:34  SCV  
  27  2:46  Barracks Reactor, SCV  
  28  2:53  SCV  
  29  2:58  SCV  
  29  3:05  SCV  
  31  3:11  SCV  
  32  3:16  Command Center  
  32  3:18  Factory Tech Lab  
  32  3:19  SCV, Starport  
  33  3:24  Marine x2  
  33  3:27  SCV  
  35  3:31  SCV  
  36  3:37  Cyclone  
  36  3:40  SCV  
  40  3:41  Marine  
  40  3:42  Marine  
  40  3:46  SCV, Supply Depot  
  43  3:52  SCV  
  44  3:58  SCV  
  45  4:04  SCV  
  45  4:08  Refinery x2  
  46  4:10  SCV  
  46  4:13  Marine x2  
  46  4:15  Raven  
  46  4:16  Factory Tech Lab  
  51  4:18  SCV  
  51  4:21  Supply Depot  
  51  4:22  SCV  
  53  4:30  SCV  
  53  4:31  Marine x2  
  54  4:34  SCV  
  54  4:36  Orbital Command  
  56  4:39  Siege Tank  
  56  4:42  SCV  
  60  4:46  SCV  
  61  4:54  SCV  
  61  4:58  SCV  
  63  5:02  Supply Depot  
  63  5:06  SCV  
  65  5:07  Viking  
  65  5:09  Marine  
  65  5:10  SCV  
  65  5:11  Orbital Command  
  65  5:12  Siege Tank  
  70  5:18  SCV  
  70  5:21  Engineering Bay  
  70  5:22  SCV  
  70  5:23  Engineering Bay  
  70  5:27  Marine  
  72  5:29  Barracks  
  72  5:30  Supply Depot, SCV  
  72  5:32  Barracks  
  72  5:34  SCV, Stimpack  
  74  5:36  SCV  
  74  5:39  Starport Reactor  
  74  5:42  SCV  
  76  5:45  Siege Tank, Marine  
  76  5:47  SCV  
  76  5:48  SCV  
  76  5:49  Terran Infantry Weapons Level 1, Terran Infantry Armor Level 1  
  82  5:52  Supply Depot  
  82  5:54  SCV  
  83  5:59  SCV  
  83  6:00  SCV, Supply Depot  
  83  6:02  Barracks  
  83  6:03  Marine  
  86  6:05  Barracks  
  86  6:08  SCV  
  86  6:11  SCV  
  88  6:12  SCV  
  88  6:13  Supply Depot  
  88  6:17  Siege Tank  
  92  6:20  Marine x2  
  92  6:21  Starport Reactor, Marine  
  92  6:22  Marine x2  
  92  6:24  SCV x2  
  92  6:25  Armory  
  99  6:26  SCV  
  99  6:29  Refinery  
  99  6:30  Refinery  
  99  6:37  SCV x2  
  99  6:38  SCV, Marine x3  
  105  6:40  Marine x2  
  105  6:44  Sensor Tower  
  106  6:50  Siege Tank  
  106  6:54  Marine x2  
  109  6:56  Marine x2  
  109  6:58  Medivac x2  
  84  7:09  Marine x3  
  84  7:14  Marine x2  
  77  7:18  Marine  
  77  7:19  Marine  
  63  7:23  Siege Tank  
  63  7:27  Marine x3  
  63  7:28  Medivac x2  
  74  7:35  Combat Shields  
  74  7:36  Marine x2  
  72  7:37  Command Center, Marine x2  
  74  7:44  Marine  
  74  7:45  Marine  
  75  7:54  Marine x3  
  75  7:58  Siege Tank, Orbital Command  
  63  8:26  Supply Depot  
  63  8:27  Barracks Reactor, Supply Depot  
  63  8:33  Supply Depot  
  63  8:35  Supply Depot  
  63  8:44  Barracks Reactor  
  63  8:48  Marine x3  
  63  8:49  Siege Tank  
  63  8:50  Marine  
  63  8:54  Medivac x2, Marine  
  75  8:57  SCV  
  75  8:58  SCV  
  77  9:05  Marine x2  
  77  9:06  Marine  
  77  9:09  Supply Depot, SCV  
  81  9:10  SCV  
  82  9:21  Marine x3  
  82  9:22  SCV  
  86  9:30  SCV, Siege Tank  
  90  9:34  Marine x4  
  86  9:47  Marine x4  
Show
View Real Time Build Order
Export as new Build Order

Bomber Terran - Winner!

Build Orders: Reaper Expand, Bio Tank 

Get SALT Encoding   

  12  0:00  SCV  
  13  0:12  SCV  
  14  0:16  Supply Depot  
  14  0:24  SCV  
  15  0:38  SCV  
  15  0:39  Barracks  
  16  0:43  Refinery  
  16  0:50  SCV  
  17  1:02  SCV  
  18  1:14  SCV  
  19  1:26  Reaper, Orbital Command  
  20  1:37  Command Center  
  20  1:47  Supply Depot  
  20  1:52  SCV  
  21  1:58  Marine  
  22  2:04  SCV  
  22  2:07  Factory  
  23  2:15  Refinery  
  23  2:16  Marine  
  23  2:17  SCV  
  25  2:29  SCV  
  26  2:34  Marine  
  27  2:41  SCV  
  28  2:49  Orbital Command  
  28  2:51  Starport  
  28  2:52  Hellion  
  28  2:53  SCV  
  31  3:02  Barracks  
  31  3:05  SCV, Barracks Tech Lab  
  32  3:15  Hellion  
  32  3:16  SCV  
  32  3:17  SCV  
  36  3:23  Marine  
  36  3:24  Stimpack  
  37  3:28  SCV  
  37  3:29  SCV  
  37  3:31  Supply Depot  
  37  3:32  Medivac  
  41  3:37  Hellion  
  41  3:40  SCV  
  44  3:41  SCV  
  44  3:45  Engineering Bay  
  45  3:49  Marine  
  45  3:53  SCV  
  45  3:54  Supply Depot, SCV  
  48  3:56  Barracks Reactor  
  48  4:04  Factory Tech Lab  
  48  4:05  SCV  
  48  4:06  SCV  
  50  4:10  Marine  
  50  4:14  Refinery  
  50  4:16  Barracks  
  51  4:17  SCV  
  51  4:19  Terran Infantry Weapons Level 1, SCV  
  53  4:24  Siege Tank  
  53  4:27  Marine  
  53  4:29  SCV  
  53  4:31  SCV, Starport Reactor  
  59  4:37  Supply Depot  
  59  4:38  Refinery  
  59  4:41  SCV, Marine x2  
  59  4:43  SCV  
  62  4:57  Marine  
  62  4:58  SCV x2  
  62  4:59  Supply Depot, Siege Tank  
  67  5:00  Supply Depot  
  67  5:01  Marine x2  
  67  5:06  Barracks Reactor  
  69  5:10  SCV  
  69  5:11  SCV  
  69  5:16  Supply Depot, Marine  
  69  5:21  Barracks, Marine x2  
  72  5:23  SCV  
  72  5:26  Medivac x2  
  77  5:33  Siege Tank  
  77  5:34  Marine  
  81  5:40  Supply Depot, Marine x2  
  81  5:42  Combat Shields  
  83  5:49  SCV  
  84  5:51  Marine x2  
  84  5:52  Marine  
  84  5:55  SCV, Supply Depot  
  88  5:58  Medivac x2, Marine  
  88  6:03  Marine  
  94  6:09  Barracks Reactor, Marine x2  
  96  6:11  Supply Depot  
  96  6:12  Marine  
  96  6:13  Supply Depot  
  96  6:16  Siege Tank  
  100  6:21  Marine x2  
  102  6:26  Marine  
  102  6:30  Marine  
  102  6:31  Terran Infantry Armor Level 1  
  105  6:37  Supply Depot  
  105  6:39  Supply Depot, Marine x2  
  107  6:45  Command Center  
  106  6:47  Marine x3  
  106  6:49  Marine  
  106  6:54  Siege Tank  
  105  7:02  Marine x3  
  105  7:05  Marine x3  
  105  7:06  Marine  
  103  7:16  Medivac x2  
  103  7:17  SCV  
  103  7:20  Marine x3  
  106  7:23  Marine x3  
  106  7:25  Armory  
  106  7:26  Marine  
  110  7:37  Marine x2  
  110  7:38  Marine  
  110  7:40  Marine  
  110  7:41  Marine x2  
  116  7:44  Marine  
  116  7:49  Siege Tank  
  116  7:50  SCV  
  116  7:51  SCV  
  114  7:55  Factory, Marine x3  
  112  7:58  Marine x2  
  112  8:01  Medivac  
  112  8:02  SCV, Medivac  
  119  8:08  Marine x2  
  110  8:16  Marine x2  
  110  8:18  SCV x2  
  109  8:21  Orbital Command  
  109  8:22  Marine x2  
  109  8:26  Terran Vehicle Weapons Level 1  
  110  8:30  SCV  
  110  8:31  Marine x2  
  110  8:33  Marine  
  114  8:35  Barracks Reactor, Barracks  
  114  8:37  SCV  
  114  8:38  Refinery  
  114  8:41  Marine x3  
  117  8:42  Refinery  
  117  8:46  Siege Tank, Starport Reactor  
  121  8:57  Marine  
  121  8:58  Marine x2  
  121  8:59  Siege Tank  
  121  9:02  Marine x2  
  127  9:06  SCV x2  
  127  9:07  SCV  
  127  9:08  Marine  
  127  9:09  Sensor Tower, Barracks  
  133  9:11  Marine x2  
  133  9:15  Marine x2  
  133  9:16  Marine  
  138  9:24  Marine x2  
  137  9:26  Marine  
  137  9:27  Marine x2  
  137  9:28  Marine  
  137  9:29  Marine  
  137  9:30  Siege Tank  
  130  9:33  Marine  
  130  9:35  Marine x2  
  118  9:42  Marine x2  
  118  9:44  Marine x2  
  120  9:47  Siege Tank  
  120  9:48  Medivac  
  120  9:51  Marine  
  123  9:57  Marine  

Tags
 
Add a new tag
Caveats
  • Supply blocks, unpowered buildings, or Contaminate may cause inaccurate times.
  • Supply counts are checked every 10 seconds.